 Dungeon Crawl Stone Soup version 0.19.0-19-g8c6edcc (webtiles) character file.

3217 Gargoyl the Agent of Entropy (level 9, -10/71 HPs)
             Began as a Demonspawn Abyssal Knight on Nov 12, 2016.
             Was a Priest of Lugonu.
             Splashed by Joseph's acid (15 damage)
             ... on level 10 of the Dungeon.
             The game lasted 00:19:48 (11281 turns).

Gargoyl the Agent of Entropy (DsAK)                Turns: 11281, Time: 00:19:49

Health: -10/71     AC: 19    Str: 20    XL:     9   Next: 65%
Magic:  14/14      EV:  5    Int: 14    God:    Lugonu [***...]
Gold:   651        SH: 12    Dex: 15    Spells: 0 memorised, 8 levels left

rFire  . . .     SeeInvis +     b - +8 hand axe (elec)
rCold  . . .     Gourm    .     i - +0 plate armour
rNeg   + . .     Faith    .     Q - +2 shield
rPois  +         Spirit   .     (helmet restricted)
rElec  .         Reflect  .     K - +1 cloak
rCorr  .         Harm     .     n - +0 pair of gloves
MR     .....                    (no boots)
Stlth  ..........               (no amulet)
                                L - ring of positive energy
                                G - ring of Oenomania {rPois Dex+2 SInv}

@: mighty
A: antennae 1, rugged brown scales 3, demonic guardian 1, powered by pain 2,
wild magic 1
a: Depart the Abyss, Bend Space, Banish, Renounce Religion


You were on level 10 of the Dungeon.
You worshipped Lugonu.
Lugonu was most pleased with you.
You were not hungry.

You visited 1 branch of the dungeon, and saw 10 of its levels.
You visited the Abyss 1 time.

You collected 651 gold pieces.

Inventory:

Hand Weapons
 b - a +8 hand axe of electrocution (weapon)
 o - a +2 hand axe of electrocution
 O - a +1 spear of venom
Missiles
 t - 6 javelins (quivered)
 H - 20 tomahawks
Armour
 i - a +0 plate armour (worn)
 n - a +0 pair of gloves (worn)
 K - a +1 cloak (worn)
 Q - a +2 shield (worn)
Jewellery
 m - an uncursed ring of ice
 p - an uncursed ring of flight {unknown}
 G - the ring of Oenomania (left hand) {rPois Dex+2 SInv}
   (You found it on level 4 of the Dungeon)

   [ring of poison resistance]

   It affects your dexterity (+2).
   It protects you from poison.
   It lets you see invisible.
 L - a ring of positive energy (right hand)
Wands
 a - a wand of polymorph (15/24)
 d - a wand of confusion (32/48)
 l - a wand of digging (20/24)
 y - a wand of lightning (6/15)
 P - a wand of enslavement (16/24)
Scrolls
 e - 2 scrolls of identify
 j - 3 scrolls of fog
 r - 6 scrolls of fear
 w - 2 scrolls of magic mapping
 A - 3 scrolls of remove curse
Potions
 k - a potion of haste
 v - 2 potions of brilliance
 x - a potion of cancellation
 z - a potion of flight
 E - a potion of resistance
 F - a potion of ambrosia {unknown}
 M - a potion of magic {unknown}
 N - a potion of degeneration {unknown}
Books
 u - a book of Flames

   Spells                             Type                      Level
   a - Flame Tongue                   Conjuration/Fire             1
   b - Throw Flame                    Conjuration/Fire             2
   c - Conjure Flame                  Conjuration/Fire             3
   d - Inner Flame                    Hexes/Fire                   3
   e - Sticky Flame                   Conjuration/Fire             4
   f - Fireball                       Conjuration/Fire             5
 R - a book of Clouds

   Spells                             Type                      Level
   a - Mephitic Cloud                 Conjuration/Poison/Air       3
   b - Conjure Flame                  Conjuration/Fire             3
   c - Poisonous Cloud                Conjuration/Poison/Air       6
   d - Freezing Cloud                 Conjuration/Ice/Air          6
   e - Ring of Flames                 Charms/Fire                  7
Comestibles
 c - 2 bread rations
 f - a fruit
 g - 4 slices of pizza
 h - a beef jerky
 q - 3 royal jellies
 s - 3 meat rations


   Skills:
 + Level 4.9 Fighting
 + Level 6.3 Axes
 + Level 0.6 Throwing
 * Level 7.3 Armour
 + Level 1.6 Dodging
 + Level 4.9 Shields
 * Level 7.6 Invocations


You had 8 spell levels left.
You didn't know any spells.

Dungeon Overview and Level Annotations

Branches:
Dungeon (10/15)            Temple (0/1) D:5
   Lair: D:8-11         Orc: D:9-12

Altars:
Ashenzari
Cheibriados
Kikubaaqudgha
Sif Muna
Beogh

Shops:
D:6 [

Annotations:
D:9 Blork the orc
D:10 Joseph


Innate Abilities, Weirdness & Mutations

You have a pair of small antennae on your head.
You are completely covered in rugged brown scales. (AC +3, +7% HP)
A weak demonic guardian rushes to your aid.
You sometimes gain power by taking damage.
Your spells are a little harder to cast, but a little more powerful.


Message History

The bolt of acid hits your shadow imp.
Your shadow imp is splashed with acid.
The acid corrodes your shadow imp!
Your shadow imp dies!
It is a wand of acid.
The slime creature hits you but does no damage.
You slash the slime creature!
The slime creature is almost dead.
The slime creature hits you.
Unknown command.
You slash the slime creature!
You kill the slime creature!
Lugonu accepts your kill.
Joseph zaps a wand.
The bolt of acid hits you!
* * * LOW HITPOINT WARNING * * *
You are splashed with acid!
The acid burns!
* * * LOW HITPOINT WARNING * * *
You feel better.
Joseph zaps a wand.
The bolt of acid hits you!
* * * LOW HITPOINT WARNING * * *
You are splashed with acid!
The acid burns!
You die...

### #.. . #.# ..
###.##### ...##.......#
..@.......# #.......#
#..@....# ##.######
#.## #..### ##...#
###.# ####+#### #.#
........# ######.####
........#####.........#


You could see Joseph.

Vanquished Creatures
  Maurice (D:9)
  3 slime creatures (D:10)
  A water moccasin (D:8)
  2 ice beasts
  3 orc warriors
  A phantom (D:6)
  A sky beast (D:5)
  4 ogres
  A centaur (D:7)
  3 bullfrogs
  A water moccasin zombie (D:8)
  A bullfrog zombie (D:7)
  A crimson imp (D:7)
  A bullfrog skeleton (D:9)
  2 hounds
  An orc priest (D:8)
  A centaur skeleton (D:6)
  A jelly (D:9)
  3 orc wizards
  An iguana (D:10)
  7 worker ants
  A hound skeleton (D:5)
  8 adders
  3 gnolls (D:4)
  A shadow imp (D:7)
  3 oozes
  2 adder skeletons
  2 worms
  2 dart slugs (D:3)
  6 leopard geckos
  32 orcs
  5 bats
  6 giant cockroaches
  A goblin (D:1)
  7 hobgoblins
  14 jackals
  2 quokkas
  4 ball pythons
  A ball python skeleton (D:5)
  2 frilled lizards
  6 kobolds
  A quokka skeleton (D:5)
  4 rats
153 creatures vanquished.

Vanquished Creatures (collateral kills)
  A hippogriff (D:8)
  An ice beast (D:5)
  2 ogres
  A centaur (D:6)
  A crimson imp (D:7)
  A hound (D:5)
  A gnoll shaman (D:4)
  A leopard gecko (D:5)
  An orc (D:4)
  2 jackals (D:4)
12 creatures vanquished.

Grand Total: 165 creatures vanquished

Notes
Turn   | Place    | Note
-------+----------+-------------------------------------------
     0 | Abyss:1  | Gargoyl the Demonspawn Abyssal Knight began the quest for the Orb.
     0 | Abyss:1  | Reached XP level 1. HP: 18/18 MP: 2/2
    35 | Abyss:3  | Found a corrupted altar of Lugonu.
    67 | Abyss:3  | Noticed a rust devil
    76 | Abyss:3  | Noticed a tentacled monstrosity
   116 | Abyss:4  | Noticed a thrashing horror
   116 | Abyss:4  | Noticed a thrashing horror
   116 | Abyss:4  | Noticed a thrashing horror
   118 | Abyss:4  | Noticed a small abomination
   119 | D:1      | Escaped the Abyss
   614 | D:1      | Gained mutation: You are partially covered in rugged brown scales. (AC +1, +3% HP) [demonic ancestry]
   614 | D:1      | Reached XP level 2. HP: 17/24 MP: 3/3
   799 | D:1      | You fall through a shaft!
   948 | D:2      | Reached * piety under Lugonu
  1073 | D:2      | Gained mutation: A weak demonic guardian rushes to your aid. [demonic ancestry]
  1073 | D:2      | Reached XP level 3. HP: 18/29 MP: 5/5
  1223 | D:2      | Found a snail-covered altar of Cheibriados.
  1585 | D:2      | Reached skill level 1 in Dodging
  2015 | D:3      | Gained mutation: You sometimes gain a little power by taking damage. [demonic ancestry]
  2015 | D:3      | Reached XP level 4. HP: 37/37 MP: 6/6
  3419 | D:4      | Reached skill level 1 in Shields
  3465 | D:4      | Gained mutation: You are mostly covered in rugged brown scales. (AC +2, +5% HP) [demonic ancestry]
  3465 | D:4      | Reached XP level 5. HP: 30/43 MP: 7/7
  3482 | D:4      | Reached ** piety under Lugonu
  4063 | D:4      | Got a brightly glowing jade ring
  4110 | D:4      | Found a shattered altar of Ashenzari.
  4110 | D:4      | Found a faded altar of an unknown god.
  4366 | D:4      | Found a faded altar of an unknown god.
  4368 | D:4      | Found a faded altar of an unknown god.
  4370 | D:4      | Found a faded altar of an unknown god.
  4830 | D:5      | Entered Level 5 of the Dungeon
  4853 | D:5      | Identified the ring of Oenomania {rPois Dex+2 SInv} (You found it on level 4 of the Dungeon)
  4933 | D:5      | Reached XP level 6. HP: 22/50 MP: 9/9
  5295 | D:5      | Noticed a sky beast
  5331 | D:5      | Killed a sky beast
  5492 | D:5      | Noticed an ice beast
  5511 | D:5      | Reached skill level 5 in Invocations
  5534 | D:5      | Killed an ice beast
  5667 | D:5      | Gained mutation: You are completely covered in rugged brown scales. (AC +3, +7% HP) [demonic ancestry]
  5667 | D:5      | Reached XP level 7. HP: 17/56 MP: 10/10
  6008 | D:5      | Found a staircase to the Ecumenical Temple.
  6227 | D:6      | Found an ancient bone altar of Kikubaaqudgha.
  6313 | D:6      | Found Posujum's Armour Shop.
  7415 | D:6      | Gained mutation: You have a pair of small antennae on your head. [demonic ancestry]
  7415 | D:6      | Reached XP level 8. HP: 34/64 MP: 12/12
  8650 | D:8      | Noticed a hippogriff
  8659 | D:8      | Killed a hippogriff
  8659 | D:8      | Reached skill level 5 in Armour
  8812 | D:7      | HP: 2/64 [ogre/giant club (16)]
  9143 | D:8      | Gained mutation: Your muscles are strong. (Str +2) [potion of mutation]
  9143 | D:8      | Lost mutation: Your muscles are strong. (Str +2) [potion of mutation]
  9143 | D:8      | Gained mutation: Your spells are a little harder to cast, but a little more powerful. [potion of mutation]
  9546 | D:8      | Reached skill level 5 in Axes
  9781 | D:8      | Found a roughly hewn altar of Beogh.
  9822 | D:8      | Reached *** piety under Lugonu
 10251 | D:8      | Gained mutation: You sometimes gain power by taking damage. [demonic ancestry]
 10251 | D:8      | Reached XP level 9. HP: 34/70 MP: 13/13
 10601 | D:9      | Noticed Maurice
 10614 | D:9      | Killed Maurice
 11149 | D:9      | Noticed Blork the orc
 11157 | D:9      | Found a deep blue altar of Sif Muna.
 11245 | D:10     | Entered Level 10 of the Dungeon
 11276 | D:10     | Noticed Joseph
 11281 | D:10     | Splashed by Joseph's acid

Skill      XL: |  1  2  3  4  5  6  7  8  9 |
---------------+----------------------------+-----
Armour         | 2 3 4 6 7 |  7.3
Axes           | 2 3 4 5 6 |  6.3
Invocations    | 3 4 5 6 7 |  7.6
Dodging        | 1 |  1.6
Shields        | 1 2 3 4 |  4.9
Fighting       | 4 |  4.9
Throwing       | |  0.6

Action                   |  1- 3 |  4- 6 |  7- 9 || total
-------------------------+-------+-------+-------++-------
Melee: Hand axe          |   143 |   250 |   447 ||   840
Throw: Javelin           |       |       |    10 ||    10
Invok: Depart the Abyss  |     1 |       |       ||     1
       Bend Space        |       |       |     1 ||     1
  Use: Scroll            |     2 |    14 |    14 ||    30
       Potion            |       |       |    14 ||    14
 Stab: Distracted        |       |       |     3 ||     3
  Eat: Chunk             |     4 |     7 |     9 ||    20
       Fruit             |       |     6 |       ||     6
       Bread ration      |       |       |     2 ||     2
Armor: Plate armour      |   135 |   200 |   252 ||   587
Dodge: Dodged            |    31 |     4 |    42 ||    77
Block: Large shield      |    12 |   164 |    66 ||   242
       Shield            |       |       |   193 ||   193
